Map: Cradle of Death

Players

Odin

  • Race: Protoss Protoss
  • League: Gold
  • Spawn Location: 0:00

keyser

  • Race: Terran Terran
  • Spawn Location: 0:00

VOD

Have the link to the VOD?

Description

Time

  • Played on: Aug. 29, 2018, 8:14 a.m.
  • Length: 20:13
Show
View Real Time Build Order
Export as new Build Order

Odin Protoss 

Build Orders:  

Get SALT Encoding   

  12  0:03  Probe (Chrono Boost)  
  13  0:20  Pylon  
  13  0:23  Unknown  
  13  0:31  Assimilator  
  13  0:53  Probe (Chrono Boost)  
  14  1:02  Robotics Facility  
  14  1:12  Probe (Chrono Boost)  
  14  1:18  Pylon  
  15  1:21  Assimilator  
  15  1:26  Probe (Chrono Boost)  
  16  1:47  Pylon  
  16  2:07  Taldarin's A.I. Personality  
  16  2:11  Immortal  
  20  2:20  Probe (Chrono Boost)  
  21  2:37  Probe (Chrono Boost)  
  22  2:50  Pylon  
  22  2:51  Probe (Chrono Boost)  
  23  3:12  Probe (Chrono Boost)  
  24  3:26  Probe (Chrono Boost)  
  25  3:37  Stargate  
  25  3:40  Probe (Chrono Boost)  
  25  3:44  Robotics Bay  
  26  4:43  Probe (Chrono Boost)  
  27  4:57  Probe (Chrono Boost)  
  28  5:11  Probe (Chrono Boost), Scout  
  28  5:18  Fleet Beacon  
  28  5:19  Stargate  
  32  5:24  Probe (Chrono Boost)  
  33  5:38  Probe (Chrono Boost)  
  34  5:52  Probe (Chrono Boost)  
  35  6:01  Colossus  
  35  6:04  Gravimetric Overload  
  35  6:06  Probe (Chrono Boost), Warbringer's A.I. Personality  
  42  6:20  Probe (Chrono Boost)  
  42  6:24  Unknown  
  43  6:35  Nexus  
  43  7:01  Pylon  
  43  7:05  Pylon  
  43  7:11  Pylon, Graviton Catapult  
  43  7:14  Pylon  
  43  7:22  Probe (Chrono Boost)  
  44  7:34  Extended Thermal Lance  
  44  7:36  Probe (Chrono Boost)  
  45  7:59  Probe (Chrono Boost)  
  45  8:08  Pylon  
  46  8:10  Cybernetics Core x2  
  46  8:13  Probe (Chrono Boost)  
  46  8:15  Gateway  
  47  8:25  Pylon  
  47  8:26  Gateway  
  47  8:27  Probe (Chrono Boost)  
  48  8:31  Probe (Chrono Boost)  
  49  8:41  Probe (Chrono Boost)  
  49  8:45  Probe (Chrono Boost)  
  51  8:55  Probe (Chrono Boost)  
  51  8:59  Probe (Chrono Boost)  
  53  9:08  Probe (Chrono Boost)  
  54  9:18  Probe (Chrono Boost)  
  55  9:22  Probe (Chrono Boost)  
  55  9:26  Stargate  
  55  9:29  Observer  
  57  9:30  Stargate  
  57  9:32  Probe (Chrono Boost), Warp Gate, Optimized Emitters  
  57  9:36  Probe (Chrono Boost)  
  59  9:46  Probe (Chrono Boost)  
  60  9:50  Probe (Chrono Boost), Gateway  
  60  9:51  Pylon  
  60  9:53  Twilight Council, Pylon  
  60  9:57  Forge  
  60  9:58  Forge  
  60  9:59  Observer, Probe (Chrono Boost)  
  62  10:03  Forge  
  62  10:04  Probe (Chrono Boost)  
  64  10:10  Assimilator  
  64  10:14  Assimilator  
  64  10:38  Probe x2 (Chrono Boost)  
  66  10:53  Carrier x2  
  78  11:02  Carrier x2  
  90  11:24  Talis' A.I. Personality  
  90  11:28  Purifier Armaments  
  90  11:29  A Strong Heart, Observation Protocol  
  90  11:36  Protoss Air Armor Level 1  
  90  11:39  Protoss Shields Level 1, Protoss Air Weapons Level 1  
  90  12:24  Kaldalis' A.I. Personality  
  90  12:29  Protoss Ground Armor Level 1  
  86  12:57  Carrier x2  
  86  12:58  Protoss Ground Weapons Level 1  
  98  13:04  Mojo's A.I. Personality  
  98  13:05  Pylon  
  98  13:07  Pylon  
  91  14:04  Clolarion's A.I. Personality  
  87  14:20  Carrier x2  
  91  14:24  Psionic Projection  
  103  14:37  Gateway  
  103  14:42  Gateway x2  
  103  15:24  Charge  
  103  16:04  Protoss Ground Weapons Level 2, Protoss Ground Armor Level 2, Protoss Shields Level 2  
  103  16:05  Protoss Air Armor Level 2, Protoss Air Weapons Level 2  
  103  16:24  Empowered Blades  
  103  16:30  Carrier x2  
  115  17:23  Carrier x2, Debilitation System  
  127  17:30  Legionnaire x4  
  127  17:31  Legionnaire x2  
  145  17:42  Immortal  
  142  18:26  Interdictors  
Show
View Real Time Build Order
Export as new Build Order

keyser Terran 

Build Orders:  

Get SALT Encoding   

  12  0:15  SCV  
  13  0:21  Unknown  
  13  0:31  Supply Depot  
  13  0:46  Refinery  
  13  1:07  Barracks  
  13  1:18  SCV  
  14  1:21  Refinery  
  14  1:37  Supply Depot  
  14  1:39  SCV  
  15  1:51  Barracks Tech Lab  
  15  1:56  SCV  
  16  2:11  Barracks  
  16  2:40  Juggernaut Plating  
  16  2:57  Factory  
  16  2:58  SCV  
  17  3:14  Barracks Reactor  
  17  3:15  SCV  
  18  3:49  Firebat  
  18  3:57  Factory Tech Lab  
  20  4:02  Medic  
  20  4:03  SCV  
  23  4:20  SCV  
  23  4:26  Siege Tank  
  27  4:31  Marine x2  
  27  4:37  SCV  
  30  4:41  Marine  
  31  6:22  Unknown  
  31  6:29  Supply Depot  
  31  6:30  Supply Depot  
  31  6:40  Supply Depot  
  31  6:43  Supply Depot  
  31  6:44  Supply Depot  
  31  6:56  Marine x3  
  31  6:59  SCV  
  35  7:04  Siege Tank  
  35  7:06  Marine x3  
  41  7:16  SCV, Marine x3  
  45  7:26  Medic, Marine x2  
  49  7:33  SCV  
  49  7:37  Medic  
  53  8:03  Marine  
  53  8:04  Orbital Command  
  53  8:09  Firebat  
  53  8:13  Command Center  
  55  8:43  Advanced Siege Tech  
  55  9:27  Siege Tank  
  54  10:02  SCV  
  54  10:03  Siege Tank  
  54  10:06  Medic  
  54  10:07  Marine x2  
  60  10:16  Medic  
  60  10:17  Marine x2  
  60  10:19  SCV  
  65  10:23  Siege Tank  
  65  10:27  Marine  
  65  10:28  Marine  
  51  10:32  Marine  
  51  10:36  SCV  
  51  10:38  Marine x2  
  55  10:42  Marine  
  55  10:43  Siege Tank  
  55  10:48  Marine x2  
  61  10:52  Marine  
  61  10:58  Marine  
  64  11:02  Medic  
  64  11:04  Orbital Command  
  64  11:05  Refinery  
  67  11:25  SCV  
  68  11:42  SCV  
  69  11:59  SCV  
  70  12:16  SCV  
  71  12:23  Siege Tank x5  
  71  12:33  SCV  
  71  12:37  SCV  
  73  12:54  SCV  
  61  13:11  SCV  
  61  13:17  Siege Tank  
  61  13:19  Marine x3  
  57  13:28  SCV  
  57  13:29  Marine x3  
  46  13:33  Siege Tank  
  46  13:37  Siege Tank  
  46  13:39  Marine x2  
  44  13:40  Marine  
  44  13:44  SCV  
  44  13:49  Marine  
  51  13:50  Marine x2  
  51  13:57  Siege Tank  
  54  14:00  Marine  
  54  14:04  Siege Tank x2  
  58  14:18  Medic  
  58  14:20  Marine x2  
  58  14:28  Medic  
  61  14:30  Marine x2  
  61  14:38  Medic  
  65  14:40  Marine x2  
  65  14:48  Medic  
  69  14:50  Marine x2  
  69  14:58  Medic  
  59  15:06  Siege Tank x3  
  59  15:07  Marine  
  59  15:08  Marine  
  59  15:09  Medic  
  62  15:17  Marine  
  62  15:18  Marine  
  62  15:19  Medic  
  65  15:21  Supply Depot  
  65  15:27  Marine  
  65  15:28  Marine  
  65  15:29  Medic, Supply Depot  
  69  15:30  Barracks  
  69  15:31  Barracks  
  69  15:32  Barracks  
  69  15:34  Supply Depot  
  69  15:37  Marine  
  69  15:39  Medic, Marine  
  73  15:49  Marine  
  77  15:51  Siege Tank  
  78  16:24  Siege Tank x3  
  65  16:37  Marine x2  
  65  16:38  Marine  
  55  16:47  Marine  
  55  16:48  Marine  
  55  16:49  Siege Tank  
  60  17:10  Siege Tank  
  62  17:30  Siege Tank  
  65  17:50  Siege Tank  
  68  18:09  Barracks Reactor x3  
  68  18:10  Siege Tank  
  71  18:20  Supply Depot  
  71  18:29  SCV  
  72  18:30  SCV  
  72  18:38  Refinery  
  73  18:46  SCV  
  73  18:47  SCV  
  75  18:56  Supply Depot  
  75  19:03  SCV  
  75  19:04  SCV  
  77  19:20  SCV  
  77  19:22  Marine x3  
  77  19:23  Marine x6  
  87  19:32  Marine x2  
  87  19:33  Marine x6  
  87  19:34  Medic  
  97  19:42  Marine  
  97  19:43  Marine x5  
  97  19:44  Medic, Marine x2  
  107  19:53  Marine x5  
  107  19:54  Medic, Marine x2  
  107  19:59  Supply Depot  
Tags
 
Commander
FenixRaynor
League
Gold
Matchup
Co-op
Add a new tag
Caveats
  • Supply blocks, unpowered buildings, or Contaminate may cause inaccurate times.
  • Supply counts are checked every 10 seconds.